 Dungeon Crawl Stone Soup version 0.29.1-12-g30fa7ad0bf (webtiles) character file.

Game seed: 10742041451246257054

1851 zeram the Cudgeller (level 8, 0/80 HPs)
             Began as a Troll Fighter on Dec 24, 2022.
             Slain by Maggie
             ... wielding a +1 long sword of flaming
              (17 damage)
             ... on level 6 of the Dungeon.
             The game lasted 00:11:42 (3730 turns).

zeram the Cudgeller (Troll Fighter)                 Turns: 3730, Time: 00:11:42

Health: 0/80       AC:  7    Str: 27    XL:     8   Next: 88%
Magic:  7/7        EV:  9    Int:  4    God:
Gold:   236        SH:  7    Dex:  9    Spells: 7/7 levels left

rFire   . . .      SeeInvis .   q - +3 whip (vamp)
rCold   . . .      Faith    .   c - +0 kite shield
rNeg    . . .      Spirit   .   h - +0 troll leather armour {Pargi}
rPois   .          Reflect  .   (helmet restricted)
rElec   .          Harm     .   n - +0 cloak
rCorr   .          Rampage  .   (gloves unavailable)
Will    .....                   (boots unavailable)
Stlth   +.........              (no amulet)
HPRegen 1.83/turn               (no ring)
MPRegen 0.10/turn               (no ring)

@: mesmerised
A: large, unfitting armour, claws 3, regeneration 1, shaggy fur 1, tough skin 1
a: no special abilities


You were on level 6 of the Dungeon.
You visited 1 branch of the dungeon, and saw 6 of its levels.

You collected 236 gold pieces.

Inventory:

Hand Weapons
 a - a +0 flail
 q - a +3 vampiric whip (weapon)
Armour
 b - a +0 robe
 c - a +0 kite shield (worn)
 h - a +0 troll leather armour (worn) {Pargi}
 n - a +0 cloak (worn)
Wands
 l - a wand of flame (22)
 p - a wand of paralysis (14)
 r - a wand of light (4)
Scrolls
 e - a scroll of butterflies
Potions
 f - a potion of invisibility
 g - 2 potions of curing
 i - a potion of haste {unknown}
 k - 3 potions of heal wounds
 m - a potion of flight
 o - a potion of magic {unknown}
 s - a potion of berserk rage


   Skills:
 + Level 5.0 Fighting
 + Level 6.9 Maces & Flails
 + Level 3.3 Armour
 + Level 5.3 Dodging
 - Level 2.6 Shields


You had 7 spell levels left.
You didn't know any spells.
Your spell library contained the following spells:

 Spells                   Type           Power      Damage    Failure   Level
 Foxfire                  Conj/Fire      0%         2x1d4     85%         1
 Necrotise                Necr           0%         1d4       85%         1
 Shock                    Conj/Air       0%         1d3       85%         1
 Conjure Flame            Conj/Fire      0%         6-21      99%         3
 Inner Flame              Hex/Fire       0%         N/A       99%         3
 Vampiric Draining        Necr           0%         2d6       99%         3
 Flame Wave               Conj/Fire      0%         2d4       100%        4
 Agony                    Necr           0%         N/A       100%        5


Dungeon Overview and Level Annotations

Branches:
Dungeon (6/15)
 Temple: D:4-7

Altars:
Sif Muna

Shops:
D:6 *

Annotations:
D:6 Maggie


Innate Abilities, Weirdness & Mutations

You are too large for most types of armour.
You have claws for hands.
Your natural rate of healing is unusually fast.
You are covered in fur. (AC +1)
You have tough skin. (AC +1)


Message History

You hit Maggie.
Maggie is lightly wounded.
Maggie mumbles some strange words.
Maggie attempts to bespell you!
You are mesmerised by Maggie!
You whack Maggie!
Maggie is moderately wounded.
Maggie barely misses you.
You hit Maggie but do no damage.
Maggie is moderately wounded.
You barely miss Maggie.
Maggie is moderately wounded.
Maggie practices a pose.
Maggie points at you and mumbles some strange words.
The bolt of fire hits you!
You hit Maggie.
You feel better.
Maggie is moderately wounded.
Maggie hits you with a +1 long sword of flaming.
Maggie burns you.
You hit Maggie.
You feel better.
Maggie is moderately wounded.
Maggie points at you and mumbles some strange words.
The bolt of fire hits you!!
You hit Maggie.
You feel better.
Maggie is heavily wounded.
Maggie hits you with a +1 long sword of flaming.
Maggie burns you.
You barely miss Maggie.
Maggie is heavily wounded.
Maggie casts a spell.
Maggie draws you further into her thrall.
You closely miss Maggie.
Maggie is heavily wounded.
Maggie gestures at you while chanting. The bolt of fire hits you!!!
* * * LOW HITPOINT WARNING * * *
You hit Maggie but do no damage.
Maggie is heavily wounded.
Maggie hits you with a +1 long sword of flaming!
You die...

#.# ##. #.# #.. ...
#.# #.# #.. #.#
#.#### #.. ####~#
#'#... #..
##..†.#####..... #..
#...#'#.#.......
#.@##.###...##......
#..@..#......'......
#.###.#......##.....
# #.#.......#.....
#.+.......####'#
#.#.......#.....
#.#......##.....
#.#......'.....)
#####...##.....)
#+#.#.......


You could see Maggie (mesmerising).

Vanquished Creatures
  Sigmund (D:5)
  A shadow (D:6)
  Pargi (D:3)
  A black bear (D:4)
  A sky beast (D:6)
  2 ogres (D:5)
  A centaur (D:6)
  A howler monkey (D:5)
  7 hounds
  Crazy Yiuf (D:3)
  4 orc priests
  4 jellies
  2 iguanas
  9 orc wizards
  4 adders
  9 gnolls
  A white imp (D:4)
  An ufetubus (D:6)
  2 worms
  4 dart slugs
  21 orcs
  A bat (D:2)
  5 endoplasms
  5 giant cockroaches
  4 goblins
  3 hobgoblins
  3 kobolds
  5 quokkas
  4 ball pythons
  4 frilled lizards
  5 rats
  A bush (D:3)
118 creatures vanquished.

Vanquished Creatures (others)
  An orc (D:6)
  3 fungi (D:2)
4 creatures vanquished.

Grand Total: 122 creatures vanquished

Notes
Turn   | Place    | Note
-------+----------+-------------------------------------------
     0 | D:1      | zeram the Troll Fighter began the quest for the Orb.
     0 | D:1      | Reached XP level 1. HP: 22/22 MP: 0/0
    21 | D:1      | Reached XP level 2. HP: 26/29 MP: 1/1
    57 | D:1      | You fall into a shaft and drop 1 floor!
    82 | D:2      | Reached skill level 2 in Maces & Flails
   117 | D:2      | Reached XP level 3. HP: 6/36 MP: 2/2
   199 | D:2      | Reached XP level 4. HP: 40/45 MP: 3/3
   411 | D:2      | Found a faded altar of an unknown god.
   416 | D:2      | Got Plato's Folio of the Barrage
   596 | D:3      | Reached skill level 3 in Maces & Flails
   864 | D:3      | Noticed Pargi
   900 | D:3      | Killed Pargi
   901 | D:3      | Reached XP level 5. HP: 11/53 MP: 4/4
   908 | D:3      | Reached skill level 4 in Maces & Flails
   911 | D:3      | HP: 2/53 [orc/boomerang (5)]
   912 | D:3      | Reached XP level 6. HP: 3/61 MP: 5/5
  1149 | D:3      | Found a runed translucent door.
  1150 | D:3      | Noticed Crazy Yiuf
  1260 | D:3      | Killed Crazy Yiuf
  1271 | D:3      | Identified the +1 hammer "Baghenabb" {speed, rElec rN+
                  | rCorr Int-3}
  1368 | D:3      | Found a shimmering blue altar of Sif Muna.
  1750 | D:4      | Reached skill level 1 in Armour
  1750 | D:4      | Reached XP level 7. HP: 31/68 MP: 6/6
  2120 | D:4      | Reached skill level 5 in Maces & Flails
  2454 | D:5      | Entered Level 5 of the Dungeon
  2564 | D:5      | Noticed Sigmund
  2578 | D:5      | Killed Sigmund
  2626 | D:5      | Reached XP level 8. HP: 79/79 MP: 7/7
  2827 | D:5      | Reached skill level 6 in Maces & Flails
  3482 | D:6      | Found Puapavi's Elemental Accessories.
  3575 | D:6      | Reached skill level 5 in Dodging
  3712 | D:6      | Reached skill level 5 in Fighting
  3720 | D:6      | Noticed Maggie
  3730 | D:6      | Slain by Maggie

Illustrated notes

Levels and vault maps discovered:
D:1:      dpeg_arrival_renting, layout_loops_ring, serial_shops,
          nicolae_shop_bloodbath_and_beyond
D:2:      layout_basic, shapermc_ecumenical_altar_rom_forum
D:3:      layout_rooms, nicolae_sif_muna_little_library, minmay_hedge_maze,
          nicolae_concentric_dashed_squares_wild, minmay_crystal_water,
          uniq_pargi, uniq_crazy_yiuf_cottage
D:4:      layout_basic, minivault_4, minmay_fractal_squares_5
D:5:      layout_basic, kennysheep_nub, uniq_sigmund
D:6:      nicolae_cairo_tiling_very_big, layout_loops_ring,
          nicolae_elemental_shop, uniq_maggie

Skill      XL: |  1  2  3  4  5  6  7  8 |
---------------+-------------------------+-----
Maces & Flails | 2 3 4 5 6 |  6.9
Fighting       | 3 4 5 |  5.0
Dodging        | 3 4 5 |  5.3
Armour         | 1 2 3 |  3.3
Shields        | |  2.6

Action                   |  1- 3 |  4- 6 |  7- 9 || total
-------------------------+-------+-------+-------++-------
Melee: Flail             |    57 |   223 |     2 ||   282
       Whip              |       |       |   389 ||   389
  Use: Scroll            |       |     4 |     6 ||    10
       Potion            |       |     2 |     3 ||     5
 Stab: Sleeping          |       |     1 |       ||     1
Armor: Robe              |    22 |    45 |       ||    67
       Troll leather arm |       |    23 |   153 ||   176
Dodge: Dodged            |    24 |    72 |   111 ||   207
Block: Kite shield       |    45 |    78 |    93 ||   216
